 Dungeon Crawl Stone Soup version 0.26-a0-490-gf8362a0c98 (webtiles) character file.

Game seed: 9863224324344669910

2291 Murumi the Blocker (level 9, -6/72 HPs)
             Began as a Formicid Fighter on Aug 4, 2020.
             Killed from afar by a raiju (12 damage)
             ... with a living lightning
             ... on level 1 of the Abyss.
             The game lasted 00:22:15 (6546 turns).

Murumi the Blocker (Formicid Fighter)               Turns: 6546, Time: 00:22:17

Health: -6/72      AC: 14    Str: 21    XL:     9   Next: 67%
Magic:  9/9        EV:  7    Int:  9    God:
Gold:   258        SH: 12    Dex: 12    Spells: 8/8 levels left

rFire    . . .     SeeInvis +   a - +1 long sword
rCold    . . .     Faith    +   c - +1 kite shield
rNeg     . . .     Spirit   .   t - +0 plate armour
rPois    .         Reflect  .   (helmet unavailable)
rElec    .         Harm     .   (no cloak)
rCorr    .                      (no gloves)
MR       +....                  b - +0 pair of boots
Stlth    ..........             m - amulet of faith
HPRegen  0.22/turn              v - ring of protection from magic
MPRegen  0.11/turn              (no ring)

@: mighty, very slightly contaminated, invisible
A: permanent stasis, dig shafts and tunnels, four strong arms, antennae 3
a: Dig, Shaft Self


You were on level 1 of the Abyss.
You visited 1 branch of the dungeon, and saw 6 of its levels.
You visited the Abyss 1 time.

You collected 258 gold pieces.

Inventory:

Hand Weapons
 a - a +1 long sword (weapon)
Missiles
 j - 17 bolts
Armour
 b - a +0 pair of boots (worn)
 c - a +1 kite shield (worn)
 t - a +0 plate armour (worn)
Jewellery
 m - an amulet of faith (around neck)
 v - a ring of protection from magic (left hand)
Wands
 o - a wand of clouds (4)
 p - a wand of flame (11)
 s - a wand of enslavement (3)
 u - a wand of acid (6)
Scrolls
 d - 4 scrolls of remove curse
 e - 3 scrolls of magic mapping
 f - 6 scrolls of enchant weapon
Potions
 g - 2 potions of flight
 h - 3 potions of brilliance
 i - 2 potions of heal wounds
 k - 2 potions of lignification {unknown}
 l - 5 potions of curing
 n - 4 potions of ambrosia
 w - a potion of degeneration {unknown}


   Skills:
 - Level 7.0 Fighting
 - Level 6.0 Long Blades
 - Level 7.0 Armour
 - Level 2.0 Dodging
 + Level 8.4 Shields
 - Level 3.0 Evocations


You had 8 spell levels left.
You didn't know any spells.
Your spell library contained the following spells:

 Spells                   Type           Power        Failure   Level
 Magic Dart               Conj           #...         100%        1
 Call Imp                 Summ           #.......     100%        2
 Slow                     Hex            #.......     100%        2
 Confusing Touch          Hex            #.......     100%        3
 Conjure Flame            Conj/Fire      #.......     100%        3
 Gell's Gravitas          Tloc           #.........   100%        3
 Mephitic Cloud           Conj/Pois/Air  #.......     100%        3
 Petrify                  Tmut/Erth      #.......     100%        4
 Metabolic Englaciation   Hex/Ice        #.........   100%        5
 Yara's Violent Unravell  Hex/Tmut       #.........   100%        5
 Blink                    Tloc           Unusable     N/A         2

Dungeon Overview and Level Annotations

Branches:
Dungeon (6/15)
 Temple: D:4-7

Altars:
The Shining One

Shops:
D:5 }

Annotations:
D:6 Crazy Yiuf


Innate Abilities, Weirdness & Mutations

You cannot be hasted, slowed, berserked, paralysed or teleported.
You can dig through walls and to a lower floor.
Your four strong arms can wield two-handed weapons with a shield.
You have a pair of large antennae on your head. (SInv)


Message History

You block the raiju's attack.
The raiju bursts into living lightning!
The living lightning hits the raiju.
The raiju completely resists.
The living lightning hits you!
* * * LOW HITPOINT WARNING * * *
The raiju blinks! x3
You feel very mighty all of a sudden. The raiju closely misses you.
It was a potion of invisibility.
You fade into invisibility!
You block the raiju's attack.
You are very lightly contaminated with residual magic.
You barely miss the raiju. The raiju bites you!
* * * LOW HITPOINT WARNING * * *
The raiju shocks you!
* * * LOW HITPOINT WARNING * * *
The raiju bursts into living lightning!
The living lightning hits the raiju.
The raiju completely resists.
The living lightning hits you!
You die...

## # . .#.
... #.# #
#.#.##
#...hh# #
#h## # ..
###@# . .
. #..###
....#.. .#
##.#..##..
#.. .#. .
# # # ##
## .. . ♣
. .. ..#
#.. . . .♣
# . ##..#
#.# #♣#
#....#


You could see 3 raiju.

Vanquished Creatures
  Pikel (D:5)
  A chaos spawn (Abyss:1)
  The ghost of Ishchenko the Bolt Thrower, an amateur HuHu of Ashenzari (D:3)
  The ghost of hemabe71 the Charlatan, an amateur HuAr (D:3)
  2 black bears (D:6)
  An orc warrior (D:6)
  A centaur (D:6)
  4 ogres
  3 lemures (D:5)
  A big kobold (D:4)
  2 bullfrogs (D:6)
  2 water moccasin skeletons
  A scorpion (D:6)
  3 orc wizards (D:4)
  2 orc priests (D:6)
  2 iguanas (D:4)
  3 worker ants
  2 adders
  A shadow imp (D:5)
  2 white imps
  2 ufetubi
  2 worms
  2 dart slugs (D:1)
  3 leopard geckos
  21 orcs
  3 giant cockroaches
  7 goblins
  5 hobgoblins
  8 jackals
  26 kobolds
  4 quokkas
  4 ball pythons
  2 bats (D:1)
  6 frilled lizards
  A leopard gecko zombie (D:6)
  10 rats
  A fungus (D:6)
  4 plants (D:4)
147 creatures vanquished.

Notes
Turn   | Place    | Note
-------+----------+-------------------------------------------
     0 | D:1      | Murumi the Formicid Fighter began the quest for the Orb.
     0 | D:1      | Reached XP level 1. HP: 18/18 MP: 1/1
    79 | D:1      | Reached skill level 1 in Dodging
   126 | D:1      | Reached XP level 2. HP: 21/24 MP: 2/2
   166 | D:1      | Reached skill level 4 in Shields
   303 | D:1      | Reached XP level 3. HP: 23/29 MP: 3/3
  1278 | D:2      | Reached XP level 4. HP: 37/37 MP: 4/4
  1609 | D:3      | Found a runed translucent gate.
  1610 | D:3      | Found a runed translucent gate.
  1611 | D:3      | Found a runed translucent gate.
  1612 | D:3      | Noticed hemabe71's ghost (amateur HuAr)
  1613 | D:3      | Noticed Ishchenko's ghost (amateur HuHu)
  2107 | D:3      | Found a glowing golden altar of the Shining One.
  2521 | D:3      | Killed Ishchenko's ghost
  2521 | D:3      | Reached skill level 5 in Shields
  2521 | D:3      | Reached XP level 5. HP: 26/42 MP: 5/5
  2530 | D:3      | Killed hemabe71's ghost
  2530 | D:3      | Reached skill level 5 in Fighting
  2530 | D:3      | Reached XP level 6. HP: 17/51 MP: 6/6
  2961 | D:4      | Noticed an ogre
  2969 | D:4      | Killed an ogre
  2969 | D:4      | Reached skill level 5 in Armour
  2969 | D:4      | Reached XP level 7. HP: 54/56 MP: 7/7
  2989 | D:4      | Reached skill level 6 in Shields
  3255 | D:4      | Reached skill level 1 in Evocations
  3966 | D:4      | Reached XP level 8. HP: 58/62 MP: 8/8
  3988 | D:4      | Reached skill level 7 in Shields
  4421 | D:5      | Entered Level 5 of the Dungeon
  4980 | D:5      | Noticed Pikel
  4989 | D:5      | Killed Pikel
  4989 | D:5      | Reached skill level 5 in Long Blades
  5133 | D:5      | Found Peol Ephu's Gadget Emporium.
  5354 | D:6      | Reached XP level 9. HP: 66/69 MP: 9/9
  5457 | D:6      | Reached skill level 8 in Shields
  6394 | D:6      | Found a runed translucent door.
  6395 | D:6      | Noticed Crazy Yiuf
  6401 | D:6      | Cast into level 1 of the Abyss (Crazy Yiuf)
  6540 | Abyss:1  | Noticed a raiju
  6540 | Abyss:1  | Noticed a raiju
  6542 | Abyss:1  | Noticed a raiju
  6546 | Abyss:1  | Killed from afar by a raiju

Illustrated notes

Levels and vault maps discovered:
D:1:      dpeg_arrival_stone_temple_mockup, layout_loops_ring, st_stairs_11
D:2:      layout_rooms
D:3:      layout_loops_corners, nicolae_tso_swordbearing_angel,
          gammafunk_ghost_cemetery
D:4:      kennysheep_kobold_camp, layout_loops_ring
D:5:      layout_loops_ring, serial_shops, kennysheep_mini_moat, uniq_pikel
D:6:      layout_basic, uniq_crazy_yiuf_cottage
Abyss:1:  base:
D:5

Skill      XL: |  1  2  3  4  5  6  7  8  9 |
---------------+----------------------------+-----
Dodging        | 1 2 |  2.0
Shields        | 4 5 6 7 8 |  8.4
Long Blades    | 3 4 5 6 |  6.0
Fighting       | 4 5 6 7 |  7.0
Armour         | 4 5 6 7 |  7.0
Evocations     | 2 3 |  3.0

Action                   |  1- 3 |  4- 6 |  7- 9 || total
-------------------------+-------+-------+-------++-------
Melee: Long sword        |   111 |    76 |   422 ||   609
 Abil: Dig               |       |     1 |     2 ||     3
Evoke: Wand              |       |       |     1 ||     1
  Use: Scroll            |     9 |     6 |     3 ||    18
       Potion            |       |     1 |     4 ||     5
 Stab: Distracted        |       |       |     1 ||     1
Armor: Scale mail        |    36 |    17 |     3 ||    56
       Chain mail        |       |       |    79 ||    79
       Plate armour      |       |       |    31 ||    31
Dodge: Dodged            |    17 |    15 |    72 ||   104
Block: Kite shield       |    52 |    44 |   149 ||   245
       Rpst.: Long sword |     8 |     5 |    16 ||    29

Table legend: (Time is in decaauts)
 A = Elapsed time spent in this place.
 B = Non-inter-level travel time spent in this place.
 C = Inter-level travel time spent in this place.
 D = Time resting spent in this place.
 E = Time spent auto-exploring this place.
 F = Levels seen in this place.
 G = Mean time per level.
                   A        B        C        D        E       F      G
               +--------+--------+--------+--------+--------+-----+--------+
         Total |   6695 |   6217 |    478 |    162 |   4761 |   7 |  956.4 |
       Dungeon |   6547 |   6069 |    478 |    158 |   4660 |   6 | 1091.2 |
         Abyss |    148 |    148 |      0 |      4 |    101 |   1 |  148.0 |
               +--------+--------+--------+--------+--------+-----+--------+

Top non-repeatable levels by time:
     D:4: 1715 daAuts
     D:3: 1264 daAuts
     D:6: 1034 daAuts
     D:1: 991 daAuts
     D:5: 929 daAuts
     D:2: 611 daAuts
 Abyss:1: 148 daAuts
